 Dungeon Crawl Stone Soup version 0.27.1-3-gb3d3a73c9e (webtiles) character file.

Game seed: 14263023035094542946

90 Goreval the Ducker (level 4, -4/38 HPs)
             Began as a Gnoll Wanderer on Oct 16, 2021.
             Was a Believer of Yredelemnul.
             Slain by a water moccasin (6 damage)
             ... on level 3 of the Dungeon.
             The game lasted 00:12:41 (3467 turns).

Goreval the Ducker (Gnoll Wanderer)                 Turns: 3467, Time: 00:12:42

Health: -4/38      AC:  3    Str: 20    XL:     4   Next: 56%
Magic:  5/5        EV: 14    Int:  9    God:    Yredelemnul [**....]
Gold:   64         SH:  0    Dex: 12    Spells: 5/5 levels left

rFire    + . .     SeeInvis .   a - +0 spear
rCold    + . .     Faith    .   (no shield)
rNeg     . . .     Spirit   .   j - +0 leather armour
rPois    +         Reflect  .   (helmet restricted)
rElec    .         Harm     .   (no cloak)
rCorr    .         Rampage  .   (no gloves)
Will     .....                  (no boots)
Stlth    ++........             (no amulet)
HPRegen  0.12/turn              k - +6 ring of strength
MPRegen  0.09/turn              q - ring of poison resistance

@: no status effects
A: fangs 1, strong nose, distributed training, horns 1, cold resistance 1, fire
resistance 1, low mp 1
a: Renounce Religion, Animate Remains, Recall Undead Slaves, Injury Mirror


You were on level 3 of the Dungeon.
You worshipped Yredelemnul.
Yredelemnul was pleased with you.
You visited 1 branch of the dungeon, and saw 4 of its levels.

You collected 64 gold pieces.

Inventory:

Hand Weapons
 a - a +0 spear (weapon)
 b - a +0 hunting sling
 s - a +2 dagger of electrocution
Missiles
 f - 126 stones (quivered)
 h - 9 bolts
 i - 23 sling bullets
Armour
 c - a +0 kite shield
 j - a +0 leather armour (worn)
Jewellery
 k - a +6 ring of strength (left hand)
 q - a ring of poison resistance (right hand)
Scrolls
 d - a scroll of magic mapping
 e - a scroll of identify
 g - a scroll of amnesia {unknown}
 n - a scroll of enchant weapon {unknown}
 p - a scroll of enchant armour {unknown}
 r - a scroll of immolation {unknown}


   Skills:
 + Level 4.6 Fighting
 + Level 1.2 Short Blades
 + Level 1.2 Long Blades
 + Level 1.2 Axes
 + Level 1.2 Maces & Flails
 + Level 2.8 Polearms
 + Level 2.8 Staves
 + Level 1.2 Slings
 + Level 1.2 Bows
 + Level 1.2 Crossbows
 + Level 2.8 Throwing
 + Level 1.2 Armour
 + Level 6.6 Dodging
 + Level 2.6 Stealth
 + Level 2.8 Shields
 + Level 1.2 Unarmed Combat
 + Level 1.2 Spellcasting
 + Level 1.0 Conjurations
 + Level 1.0 Hexes
 + Level 1.0 Summonings
 + Level 1.0 Necromancy
 + Level 1.0 Translocations
 + Level 1.0 Transmutations
 + Level 1.0 Fire Magic
 + Level 1.0 Ice Magic
 + Level 1.0 Air Magic
 + Level 1.0 Earth Magic
 + Level 1.0 Poison Magic
 + Level 1.3 Invocations
 + Level 1.2 Evocations


You had 5 spell levels left.
You didn't know any spells.
Your spell library contained the following spells:

 Spells                   Type           Power      Damage    Failure   Level
 Sting                    Tmut/Pois      8%         1d3       28%         1
 Passwall                 Tmut/Erth      1%         N/A       41%         2
 Poisonous Vapours        Pois/Air       4%         N/A       41%         2
 Swiftness                Air            2%         N/A       65%         3
 Olgreb's Toxic Radiance  Pois           2%         N/A       96%         4
 Invisibility             Hex            1%         N/A       100%        6


Dungeon Overview and Level Annotations

Branches:
Dungeon (4/15)
 Temple: D:4-7

Altars:
Nemelex Xobeh
Yredelemnul

Annotations:
D:3 Natasha


Innate Abilities, Weirdness & Mutations

You have very sharp teeth.
Your uncanny sense of smell can sniff out nearby items.
Your experience applies equally to all skills.
You have a pair of small horns on your head.
Your flesh is cold resistant. (rC+)
Your flesh is heat resistant. (rF+)
Your magical capacity is low. (-10% MP)


Message History

The water moccasin bites you.
The crimson imp blinks!
The crimson imp blinks!
Natasha howls an incantation.
You feel troubled. The water moccasin bites you.
* * * LOW HITPOINT WARNING * * *
Here: a water moccasin The floor, spattered with blood.
The water moccasin bites you.
* * * LOW HITPOINT WARNING * * *
Natasha mumbles some strange words.
Okay, then.
It was a potion of mutation.
You feel extremely strange.
You feel less energetic. A pair of horns grows on your head!
You feel resistant to heat.
You feel resistant to cold.
The water moccasin bites you but does no damage.
The water moccasin closely misses you.
There is a stone staircase leading down here.
The water moccasin bites you.
* * * LOW HITPOINT WARNING * * *
There is an open door here.
You aren't carrying any potions.
Unknown command.
You attempt to give life to the dead...
There are no remains here to animate!
Unknown command.
Unknown command.
Unknown command.
Unknown command.
As you read the scroll labelled DOAPTE QIGAI, it crumbles to dust.
It is a scroll of identify.
d - a scroll of magic mapping The water moccasin misses you.
Okay, then.
Unknown command.
Unknown command.
This is a scroll of acquirement!
Something appears at your feet! The water moccasin bites you.
You die...
Your body rises from the dead as a mindless zombie.

#..## #### ###..## #..
....## #.# #....
###########.######....
#....##..h.5..........
#....@Sl5J.o..........
#....######5###5......
#.........#.###..#.###
#.....................
#.............#..#.###
#.......###.#.#....#
#.#..#..###.#.##.#.#
#.#..............#.#
#.............##.#.#


You could see a water moccasin, an iguana, Natasha, 2 crimson imps, a shadow imp
(summoned), an orc and an endoplasm.

Vanquished Creatures
  2 adders (D:3)
  An ufetubus (D:3)
  2 dart slugs (D:2)
  2 orcs (D:3)
  3 bats
  3 endoplasms
  3 giant cockroaches
  6 goblins
  7 hobgoblins
  6 jackals
  2 quokkas
  5 ball pythons
  3 frilled lizards
  2 kobolds
  2 rats
49 creatures vanquished.

Vanquished Creatures (collateral kills)
  A ball python (D:1)
  3 endoplasms
  A goblin (D:2)
  A frilled lizard (D:2)
  A rat (D:2)
7 creatures vanquished.

Vanquished Creatures (others)
  A bat zombie (D:3)
  A ball python zombie (D:3)
  A goblin zombie (D:1)
  A hobgoblin skeleton (D:1)
  3 jackal zombies
  A kobold zombie (D:2)
  A rat zombie (D:2)
9 creatures vanquished.

Grand Total: 65 creatures vanquished

Notes
Turn   | Place    | Note
-------+----------+-------------------------------------------
     0 | D:1      | Goreval the Gnoll Wanderer began the quest for the Orb.
     0 | D:1      | Goreval set off with the following items: a +0 spear, a +0
                  | quarterstaff, a +0 kite shield, a +0 robe
     0 | D:1      | Reached XP level 1. HP: 20/20 MP: 1/1
   419 | D:1      | Reached XP level 2. HP: 26/26 MP: 2/2
   689 | D:1      | Found a faded altar of an unknown god.
   693 | D:1      | Became a worshipper of Yredelemnul the Dark
   693 | D:1      | Reached * piety under Yredelemnul
  1590 | D:2      | Reached XP level 3. HP: 30/31 MP: 3/3
  1943 | D:2      | Reached skill level 1 in Invocations
  2271 | D:2      | Reached ** piety under Yredelemnul
  2551 | D:3      | Noticed an ice beast
  2937 | D:3      | Found a sparkling altar of Nemelex Xobeh.
  2945 | D:3      | Reached skill level 1 in Short Blades
  2945 | D:3      | Reached skill level 1 in Long Blades
  2945 | D:3      | Reached skill level 1 in Axes
  2945 | D:3      | Reached skill level 1 in Maces & Flails
  2945 | D:3      | Reached skill level 1 in Slings
  2945 | D:3      | Reached skill level 1 in Bows
  2945 | D:3      | Reached skill level 1 in Crossbows
  2945 | D:3      | Reached skill level 1 in Armour
  2945 | D:3      | Reached skill level 1 in Unarmed Combat
  2945 | D:3      | Reached skill level 1 in Spellcasting
  2945 | D:3      | Reached skill level 1 in Evocations
  3022 | D:3      | Reached XP level 4. HP: 30/38 MP: 5/5
  3216 | D:3      | Noticed a water moccasin
  3323 | D:4      | Noticed a necrophage
  3324 | D:4      | Noticed an ogre
  3383 | D:3      | Reached skill level 1 in Conjurations
  3383 | D:3      | Reached skill level 1 in Hexes
  3383 | D:3      | Reached skill level 1 in Summonings
  3383 | D:3      | Reached skill level 1 in Necromancy
  3383 | D:3      | Reached skill level 1 in Translocations
  3383 | D:3      | Reached skill level 1 in Transmutations
  3383 | D:3      | Reached skill level 1 in Fire Magic
  3383 | D:3      | Reached skill level 1 in Ice Magic
  3383 | D:3      | Reached skill level 1 in Air Magic
  3383 | D:3      | Reached skill level 1 in Earth Magic
  3383 | D:3      | Reached skill level 1 in Poison Magic
  3442 | D:3      | Noticed Natasha
  3462 | D:3      | Gained mutation: Your magical capacity is low. (-10% MP)
                  | [potion of mutation]
  3462 | D:3      | Gained mutation: You have a pair of small horns on your
                  | head. [potion of mutation]
  3462 | D:3      | Gained mutation: Your flesh is heat resistant. (rF+)
                  | [potion of mutation]
  3462 | D:3      | Gained mutation: Your flesh is cold resistant. (rC+)
                  | [potion of mutation]
  3464 | D:3      | HP: 1/38 [water moccasin (5)]
  3467 | D:3      | Identified a scroll of acquirement
  3467 | D:3      | Acquired the +6 long sword of the Feather {vorpal, rC+++
                  | Str-5}
  3467 | D:3      | Slain by a water moccasin

Illustrated notes

Levels and vault maps discovered:
D:1:      amcnicky_arrival_blooded_trapdoor, layout_basic,
          shapermc_ecumenical_altar_venn, serial_glass, glass_columns_c,
          glass_columns_a, minmay_strange_pillars, feat_on_display, nrook_uturn
D:2:      layout_loops_ring, minmay_tetromino_t4
D:3:      layout_basic, lemuel_round_altar, nrook_loot_triangle,
          lightli_corner_chamber, uniq_natasha
D:4:      layout_loops_corners, chequers_serial_rivers_micro_a, uniq_duvessa

Skill      XL: |  1  2  3  4 |
---------------+-------------+-----
Invocations    | 1 |  1.3
Short Blades   | 1 |  1.2
Long Blades    | 1 |  1.2
Axes           | 1 |  1.2
Maces & Flails | 1 |  1.2
Slings         | 1 |  1.2
Bows           | 1 |  1.2
Crossbows      | 1 |  1.2
Armour         | 1 |  1.2
Unarmed Combat | 1 |  1.2
Spellcasting   | 1 |  1.2
Evocations     | 1 |  1.2
Conjurations   | 1 |  1.0
Hexes          | 1 |  1.0
Summonings     | 1 |  1.0
Necromancy     | 1 |  1.0
Translocations | 1 |  1.0
Transmutations | 1 |  1.0
Fire Magic     | 1 |  1.0
Ice Magic      | 1 |  1.0
Air Magic      | 1 |  1.0
Earth Magic    | 1 |  1.0
Poison Magic   | 1 |  1.0
Fighting       | |  4.6
Polearms       | |  2.8
Staves         | |  2.8
Throwing       | |  2.8
Dodging        | |  6.6
Stealth        | |  2.6
Shields        | |  2.8

Action                   |  1- 3 |  4- 6 || total
-------------------------+-------+-------++-------
Melee: Spear             |   159 |    40 ||   199
       Bite              |     6 |     6 ||    12
Throw: Stone             |    33 |    10 ||    43
Invok: Animate Remains   |    10 |     2 ||    12
       Recall Undead Sla |     1 |       ||     1
  Use: Scroll            |       |     2 ||     2
       Potion            |       |     2 ||     2
 Stab: Sleeping          |     3 |       ||     3
Armor: Robe              |     4 |       ||     4
       Leather armour    |    14 |    26 ||    40
Dodge: Dodged            |    74 |    83 ||   157
Block: Kite shield       |     4 |       ||     4
